 Dungeon Sprint DCSS version 0.30-a0-121-gb27577e5d9 (webtiles) character file.

Game seed: 982532805712292148

340 MisterAzrael the Fighter (level 6, -13/54 HPs)
             Began as a Djinni Fire Elementalist on Sept 15, 2022.
             Was an Initiate of Yredelemnul.
             Mangled by an ice beast (19 damage)
             ... in the Dungeon (Sprint V: "Ziggurat Sprint").
             The game lasted 00:02:03 (438 turns).

MisterAzrael the Fighter (Djinni Fire Elementalist)  Turns: 438, Time: 00:02:04

Health: -13/54     AC:  2    Str:  9    XL:     6   Next: 87%
Gold:   0          EV: 12    Int: 28    God:    Yredelemnul [......] SH:  0 Dex: 14

rFire   + + +      SeeInvis .    o - +7 great mace "Firestarter" {inner flame, rF++}
rCold   x . .      Faith    .    (shield currently unavailable)
rNeg    . . .      Spirit   .    a - +0 robe
rPois   ∞          Reflect  .    (no helmet)
rElec   .          Harm     .    (no cloak)
rCorr   .          Rampage  .    (no gloves)
Will    .....      NoTele   +    (boots unavailable)
Stlth   ++........               (no amulet)
HPRegen 0.18/turn                i - +6 ring of intelligence
MPRegen 0.00/turn                j - +6 ring of intelligence

@: flying
A: sickness immunity, fire resistance 2, cold vulnerability 1, float, innate
caster, HP casting, extra vitality 1
a: Renounce Religion, Recall Undead Harvest


You were in the Dungeon.
You worshipped Yredelemnul.
Yredelemnul was noncommittal.
You visited 1 branch

Inventory:

Hand Weapons
 o - the +7 great mace "Firestarter" (weapon) {inner flame, rF++}
   (You found it in the Dungeon)

   It burns those it strikes, dealing additional fire damage.
   It fills those it strikes with an explosive inner flame.
   It grants immunity to clouds of flame.
   rF:        It greatly protects you from fire.
Armour
 a - a +0 robe (worn)
Magical Staves
 x - a staff of conjuration
Jewellery
 g - a +6 ring of dexterity
 h - a +6 ring of dexterity
 i - a +6 ring of intelligence (left hand)
 j - a +6 ring of intelligence (right hand)
 k - a +6 ring of strength
 l - a +6 ring of strength
Wands
 m - a wand of mindburst (7)
 n - a wand of quicksilver (7)
Scrolls
 f - 4 scrolls of blinking
 u - 7 scrolls of fog
 v - 5 scrolls of identify
 w - 2 scrolls of fear
Potions
 b - 10 potions of curing
 c - 10 potions of heal wounds
 d - 10 potions of haste
 e - 3 potions of berserk rage
 p - 2 potions of brilliance
 q - a potion of invisibility
 r - 4 potions of resistance
 t - 4 potions of might
Miscellaneous
 s - a lightning rod (4/4)


   Skills:
 + Level 8.0 Fighting
 + Level 6.7 Maces & Flails
 - Level 2.1 Dodging
 - Level 1.5 Stealth
 + Level 6.7 Spellcasting


You had 2 spell levels left.
You knew the following spells:

 Your Spells              Type           Power      Damage    Failure   Level
a - Foxfire               Conj/Fire      100%       2x1d9     1%          1
b - Scorch                Fire           94%        2d9       1%          2
c - Kindle Blastsparks    Fire/Tloc/Air  94%        2d17      1%          3
d - Inner Flame           Hex/Fire       47%        N/A       1%          3
e - Flame Wave            Conj/Fire      47%        2d12      3%          4
f - Beastly Appendage     Tmut           94%        N/A       1%          1
g - Searing Ray           Conj           94%        2d7       1%          2
Your spell library was empty.

Dungeon Overview and Level Annotations

Branches:
Dungeon (1/1)

Altars:
Ashenzari
Cheibriados
Dithmenos
Elyvilon
Fedhas
Gozag
Hepliaklqana
Makhleb
Nemelex Xobeh
Okawaru
Qazlal
Ru
Trog
Uskayaw
Wu Jian
Xom
Yredelemnul
Zin
The Shining One
Jiyva
Lugonu

Annotations:
D 1 transporter


Innate Abilities, Weirdness & Mutations

You are immune to sickness and miasma.
You are immune to poison.
Your flesh is very heat resistant. (rF++)
You are vulnerable to cold. (rC-)
You float through the air rather than walking.
You learn spells naturally, not from books.
Your magical power is your life essence.
You have superior vitality. (+4 MHP)


Message History

Spell assigned to 'g'.
You have reached level 6!
A spectral jumping spider comes into view.
The spectral jumping spider attacks as you move away!
The spectral jumping spider pounces on you!
The spectral jumping spider closely misses you.
The spectral jumping spider is engulfed in blazing flames.
You destroy the spectral jumping spider!
That felt strangely unrewarding.
You start resting.
HP restored.
d - 10 potions of haste (gained 4)
You see here a +3 scale mail of positive energy.
You see here a +0 battleaxe of distortion.
There is a transporter here.
Welcome to arena 3.
You enter the transporter and appear at another place.
An ice beast, a white imp, a ball python simulacrum and a quokka simulacrum come into view.
The white imp shouts, "Accept thy failure, thou feeble two-tin-hat Cock-Lorel!"
Found four items.
Found a transporter.
The ball python simulacrum barely misses you. x2
You sock the ball python simulacrum!
You melt the ball python simulacrum.
The ball python simulacrum vaporises!
The white imp closely misses you. The quokka simulacrum misses you.
The white imp gestures at you. The puff of frost hits you!
You feel a terrible chill!
The quokka simulacrum barely misses you.
The ice beast hits you. The ice beast freezes you!!
You feel a terrible chill!
You sock the quokka simulacrum!
You melt the quokka simulacrum.
The quokka simulacrum vaporises!
The ice beast barely misses you. The white imp misses you.
The ice beast hits you. The ice beast freezes you!
You feel a terrible chill!
* * * LOW HITPOINT WARNING * * *
You sock the white imp! You burn the white imp.
You kill the white imp!
The ice beast hits you.
* * * LOW HITPOINT WARNING * * *
The ice beast freezes you!!
You feel a terrible chill!
You die...
Your body rises from the dead as a mindless zombie.

▓▓▓▓▓▓▓▓▓▓▓▓▓▓▓▓▓▓▓
▓.8©8.▓.8©8.▓.8©8.▓
▓.=|}.▓.).[.▓.....▓
▓..=..▓.....▓...).▓
▓..Y°.▓.....▓.....▓
▓...@.▓.....▓.....▓
▓.....▓.....▓..©..▓
▓..©..▓..©..▓▓▓▓▓▓▓
▓▓▓▓▓▓▓▓▓▓▓▓▓


You could see an ice beast.

Vanquished Creatures
  A spectral jumping spider (D)
  A jumping spider (D)
  A necrophage (D)
  2 scorpions (D)
  A white imp (D)
  A ball python simulacrum (D)
  A ball python skeleton (D)
  A quokka simulacrum (D)
9 creatures vanquished.

Vanquished Creatures (others)
  2 foxfires (D)
2 creatures vanquished.

Grand Total: 11 creatures vanquished

Notes
Turn   | Place    | Note
-------+----------+-------------------------------------------
     0 | D        | MisterAzrael the Djinni Fire Elementalist began the quest
                  | for the Orb.
     0 | D        | MisterAzrael set off with the following spells memorised:
                  | Foxfire, Scorch, Kindle Blastsparks, Inner Flame, Flame
                  | Wave.
     0 | D        | Reached XP level 1. HP: 15/15 MP: 0/0
     0 | D        | Found a blossoming altar of Fedhas.
     0 | D        | Found the +6 Majin-Bo {vamp, MP+6 Int+6}
     0 | D        | Found the +9 heavy crossbow "Sniper" {vorpal, Acc+∞ SInv}
     0 | D        | Found the +10 dark maul {vorpal}
     0 | D        | Found the +15 Maxwell's patent armour {-Cast -Tele rElec
                  | Will+ rCorr}
     0 | D        | Found the +18 shield of the Gong {rElec rN+ Will+ EV-5}
     0 | D        | Found the +14 obsidian axe {vorpal, Mesm Drain Fly SInv}
     0 | D        | Found the +7 great mace "Firestarter" {inner flame, rF++}
     0 | D        | Found the +6 shillelagh "Devastator" {shatter}
     0 | D        | Found the +11 plutonium sword {Contam Stlth-}
     0 | D        | Found the +8 lance "Wyrmbane" {slay drac, rPois rF+ rC+
                  | AC+3}
     0 | D        | Found the +9 sword of Zonguldrok {reap}
     0 | D        | Found the +13 scythe of Curses {drain, Drain}
     0 | D        | Found the +5 sword of Power {vorpal}
     0 | D        | Found the +7 mace of Variability {chain chaos}
     0 | D        | Found the +7 Singing Sword {vorpal, sonic wave}
     0 | D        | Found the +8 storm bow {elec, penet}
     1 | D        | Found a transporter.
     1 | D        | Found a viscous altar of Jiyva.
     1 | D        | Found a hazy altar of Hepliaklqana.
     1 | D        | Found a corrupted altar of Lugonu.
     1 | D        | Found an opulent altar of Gozag.
     1 | D        | Found a burning altar of Makhleb.
     4 | D        | Found a stormy altar of Qazlal.
     4 | D        | Found a sacrificial altar of Ru.
     4 | D        | Found an iron altar of Okawaru.
     4 | D        | Found a sparkling altar of Nemelex Xobeh.
     4 | D        | Found a bloodstained altar of Trog.
    43 | D        | Became a worshipper of Yredelemnul the Dark
    55 | D        | Reached skill level 4 in Fighting
    55 | D        | Reached XP level 2. HP: 26/26 MP: 0/0
    77 | D        | Entered arena 2.
    77 | D        | Noticed a necrophage
    77 | D        | Found a transporter.
    82 | D        | Killed a necrophage
    83 | D        | Reached skill level 5 in Fighting
    83 | D        | Reached XP level 3. HP: 9/33 MP: 0/0
    83 | D        | Learned a level 1 spell: Beastly Appendage
    83 | D        | Reached XP level 4. HP: 11/39 MP: 0/0
   306 | D        | Entered arena 3.
   306 | D        | Noticed a scorpion
   306 | D        | Noticed a jumping spider
   306 | D        | Noticed a scorpion
   306 | D        | Found a transporter.
   310 | D        | Killed a jumping spider
   310 | D        | Killed a scorpion
   310 | D        | Killed a scorpion
   311 | D        | Reached skill level 8 in Fighting
   311 | D        | Reached XP level 5. HP: 38/48 MP: 0/0
   311 | D        | Learned a level 2 spell: Searing Ray
   311 | D        | Reached XP level 6. HP: 42/54 MP: 0/0
   311 | D        | Noticed a spectral jumping spider
   312 | D        | Killed a spectral jumping spider
   432 | D        | Entered arena 4.
   432 | D        | Noticed an ice beast
   432 | D        | Found a transporter.
   438 | D        | Mangled by an ice beast

Illustrated notes

Levels and vault maps discovered:
D:        sprint_v [room_start, room_1, room_2, room_3, room_4, room_5, room_6,
          room_7, room_8, room_9, room_10, room_11, room_12, room_13, room_14,
          room_15, room_16, room_17, room_18, room_19, room_20, room_21,
          room_22, room_23, room_24, room_25, room_26, room_27]

Skill      XL: |  1  2  3  4 |
---------------+-------------+-----
Fighting       | 4 5 8 |  8.0
Maces & Flails | 3 4 6 |  6.7
Spellcasting   | 4 6 |  6.7
Dodging        | |  2.1
Stealth        | |  1.5

Action                   |  1- 3 |  4- 6 || total
-------------------------+-------+-------++-------
Melee: Great mace        |     3 |     4 ||     7
 Cast: Inner Flame       |       |     1 ||     1
       Foxfire           |       |     1 ||     1
Evoke: Lightning rod     |       |     1 ||     1
  Use: Potion            |     3 |       ||     3
 Stab: Invisible         |     1 |       ||     1
Dodge: Dodged            |     3 |     8 ||    11

Table legend: (Time is in decaauts)
 A = Elapsed time spent in this place.
 B = Non-inter-level travel time spent in this place.
 C = Inter-level travel time spent in this place.
 D = Time resting spent in this place.
 E = Time spent auto-exploring this place.
 F = Levels seen in this place.
 G = Mean time per level.
                   A        B        C        D        E       F      G
               +--------+--------+--------+--------+--------+-----+--------+
         Total |    439 |    439 |      0 |    318 |      0 |   1 |  439.0 |
       Dungeon |    439 |    439 |      0 |    318 |      0 |   1 |  439.0 |
               +--------+--------+--------+--------+--------+-----+--------+

Top non-repeatable levels by time:
       D: 439 daAuts
